 Dungeon Crawl Stone Soup version 0.29-a0-824-gd827844252 (webtiles) character file.

Game seed: 9404375740414954378

91 billz999 the Chopper (level 4, -6/38 HPs)
             Began as a Demonspawn Fighter on July 11, 2022.
             Was a Follower of Qazlal.
             Mangled by a gnoll
             ... wielding a +0 flail
              (9 damage)
             ... on level 2 of the Dungeon.
             The game lasted 00:04:57 (3449 turns).

billz999 the Chopper (Demonspawn Fighter)           Turns: 3449, Time: 00:04:58

Health: -6/38      AC:  6    Str: 15 (17) XL:     4   Next: 33%
Magic:  4/4        EV:  8    Int:  8 (11) God:    Qazlal [*.....]
Gold:   202        SH: 14    Dex: 11 (12) Spells: 3/3 levels left

rFire   . . .      SeeInvis .   a - +0 war axe
rCold   . . .      Faith    .   c - +0 buckler
rNeg    . . .      Spirit   .   b - +0 scale mail
rPois   .          Reflect  .   (no helmet)
rElec   .          Harm     .   (no cloak)
rCorr   .          Rampage  .   (no gloves)
Will    .....                   (no boots)
Stlth   ..........              (no amulet)
HPRegen 0.12/turn               (no ring)
MPRegen 0.09/turn               (no ring)

@: no status effects
A: condensation shield, large bone plates 1, robust 1
a: Renounce Religion


You were on level 2 of the Dungeon.
You worshipped Qazlal.
Qazlal was aware of your devotion.
You visited 1 branch of the dungeon, and saw 3 of its levels.

You collected 202 gold pieces.

Inventory:

Hand Weapons
 a - a +0 war axe (weapon)
 f - a +2 antimagic mace
Armour
 b - a +0 scale mail (worn)
 c - a +0 buckler (worn)
Scrolls
 e - a scroll of poison {unknown}
 l - 4 scrolls of enchant weapon {unknown}
 m - 3 scrolls of identify {unknown}
 n - a scroll of silence {unknown}
Potions
 d - a potion of might
 h - a potion of heal wounds {unknown}
 i - a potion of mutation
 j - a potion of ambrosia {unknown}
 k - 2 potions of degeneration
 o - a potion of curing {unknown}


   Skills:
 + Level 3.2 Fighting
 * Level 3.4 Axes
 - Level 2.6 Armour
 - Level 0.3 Dodging
 - Level 0.3 Stealth
 + Level 3.1 Shields
 + Level 1.1 Invocations


You had 3 spell levels left.
You didn't know any spells.
Your spell library contained the following spells:

 Spells                   Type           Power      Damage    Failure   Level
 Freeze                   Ice            0%         1d3       92%         1
 Ensorcelled Hibernation  Hex/Ice        0%         N/A       98%         2
 Passwall                 Tmut/Erth      0%         N/A       98%         2
 Frozen Ramparts          Ice            0%         1d2       100%        3
 Swiftness                Air            0%         N/A       100%        3
 Hailstorm                Conj/Ice       0%         3d3       100%        4


Dungeon Overview and Level Annotations

Branches:
Dungeon (3/15)

Altars:
Qazlal
Xom

Annotations:
D:2 1 runed translucent door, Crazy Yiuf
D:3 3 runed translucent doors, SirDiesAlot's ghost, amateur DEVM; valliere's ghost, amateur OpFi


Innate Abilities, Weirdness & Mutations

A meltable shield of frost defends you. (SH +4)
You are partially covered in large bone plates. (SH +4)
You are robust. (+10% HP)


Message History

You start resting.
HP restored.
You climb downwards.
Level annotation: 3 runed translucent doors, SirDiesAlot's ghost, amateur DEVM; valliere's ghost, amateur OpFi The gnoll hits you with a +0 flail.
There is a stone staircase leading up here.
You hit the gnoll.
The gnoll is moderately wounded.
The gnoll barely misses you. You block the gnoll's attack.
You closely miss the gnoll.
The gnoll is moderately wounded.
You block the gnoll's attack.
You hit the gnoll.
The gnoll is heavily wounded.
The gnoll hits you with a +0 flail. You block the gnoll's attack.
You closely miss the gnoll.
The gnoll is heavily wounded.
You block the gnoll's attack.
You closely miss the gnoll.
The gnoll is heavily wounded.
The gnoll hits you with a +0 flail!
You hit the gnoll.
The gnoll is heavily wounded.
You block the gnoll's attack. The gnoll hits you with a +0 flail.
You are too injured to fight recklessly!
The gnoll hits you with a +0 flail!
* * * LOW HITPOINT WARNING * * *
You climb upwards.
Level annotation: 1 runed translucent door, Crazy Yiuf
There is a stone staircase leading down here.
The gnoll attacks as you move away! The gnoll barely misses you.
The gnoll attacks as you move away! You block the gnoll's attack.
The gnoll attacks as you move away! You block the gnoll's attack.
The gnoll attacks as you move away! The gnoll barely misses you.
The gnoll attacks as you move away! The gnoll hits you with a +0 flail.
* * * LOW HITPOINT WARNING * * *
The gnoll attacks as you move away! You block the gnoll's attack.
The gnoll attacks as you move away! You block the gnoll's attack.
The gnoll attacks as you move away! The gnoll hits you with a +0 flail!
You die...

#...#### ###...#
#.....#.#### 8...8#
##..# #.###.#....#
#...## #..# #.#
#.####.# #...#
#..###.# #.##...#
#...## ##>....#
#.##.### 8...8#
####### #.#..# #...###
#.#.## #.†...# #######
#.#.# #.†...# #..@g.#
#.#.# ..###.#####
#.###.###.#<# ###
#.)..<####.###.....###
# ####........########
# #........# #
#........# #
#........#
########........#
................#


You could see a gnoll.

Vanquished Creatures
  A gnoll (D:3)
  An adder (D:2)
  2 worms (D:2)
  A dart slug (D:1)
  An orc (D:3)
  5 ball pythons
  5 bats
  10 endoplasms
  4 giant cockroaches
  5 goblins
  4 hobgoblins
  8 kobolds
  3 quokkas
  2 frilled lizards
  3 rats
55 creatures vanquished.

Vanquished Creatures (others)
  4 plants (D:1)
  5 withered plants (D:3)
9 creatures vanquished.

Grand Total: 64 creatures vanquished

Notes
Turn   | Place    | Note
-------+----------+-------------------------------------------
     0 | D:1      | billz999 the Demonspawn Fighter began the quest for the
                  | Orb.
     0 | D:1      | Reached XP level 1. HP: 18/18 MP: 1/1
   125 | D:1      | Gained mutation: A meltable shield of frost defends you.
                  | (SH +4) [demonic ancestry]
   125 | D:1      | Reached XP level 2. HP: 22/24 MP: 2/2
   825 | D:1      | Reached XP level 3. HP: 29/29 MP: 3/3
  1117 | D:1      | Found a faded altar of an unknown god.
  1120 | D:1      | Prayed at the altar of an unknown god.
  1120 | D:1      | Became a worshipper of Qazlal Stormbringer
  1120 | D:1      | Reached * piety under Qazlal
  1343 | D:2      | Found a runed translucent door.
  1344 | D:2      | Noticed Crazy Yiuf
  1487 | D:2      | Found a shimmering altar of Xom.
  1563 | D:2      | Gained mutation: You are partially covered in large bone
                  | plates. (SH +4) [potion of mutation]
  1563 | D:2      | Gained mutation: You are robust. (+10% HP) [potion of
                  | mutation]
  2005 | D:2      | Reached XP level 4. HP: 19/38 MP: 4/4
  2384 | D:2      | Reached skill level 1 in Invocations
  2847 | D:3      | Found a runed translucent gate.
  2849 | D:3      | Found a runed translucent gate.
  2854 | D:3      | Found a runed translucent gate.
  2854 | D:3      | Noticed valliere's ghost (amateur OpFi)
  2854 | D:3      | Noticed SirDiesAlot's ghost (amateur DEVM)
  3449 | D:2      | Mangled by a gnoll

Illustrated notes

Levels and vault maps discovered:
D:1:      eino_arrival_water_cross, layout_loops_ring,
          hellmonk_ecumenical_altar_inner_sanctum, minmay_vboxes
D:2:      layout_basic, basic_altar, serial_corexii_hall,
          corexii_hall_statues_i, corexii_hall_statues_x,
          corexii_hall_statues_t, uniq_crazy_yiuf_cottage
D:3:      layout_basic, okawaru_trees_2, gammafunk_ghost_cemetery

Skill      XL: |  1  2  3  4 |
---------------+-------------+-----
Axes           | 2 3 |  3.4
Shields        | 3 |  3.1
Invocations    | 1 |  1.1
Fighting       | |  3.2
Armour         | |  2.6
Dodging        | |  0.3
Stealth        | |  0.3

Action                   |  1- 3 |  4- 6 || total
-------------------------+-------+-------++-------
Melee: War axe           |   140 |    43 ||   183
       Mace              |     2 |       ||     2
Throw: Throwing net      |       |     1 ||     1
  Use: Potion            |     4 |       ||     4
Armor: Scale mail        |    38 |     5 ||    43
       Skin              |     4 |       ||     4
Dodge: Dodged            |    54 |    12 ||    66
Block: Buckler           |    69 |    41 ||   110

Table legend: (Time is in decaauts)
 A = Elapsed time spent in this place.
 B = Non-inter-level travel time spent in this place.
 C = Inter-level travel time spent in this place.
 D = Time resting spent in this place.
 E = Time spent auto-exploring this place.
 F = Levels seen in this place.
 G = Mean time per level.
                   A        B        C        D        E       F      G
               +--------+--------+--------+--------+--------+-----+--------+
         Total |   3522 |   3427 |     95 |    630 |   2246 |   3 | 1174.0 |
       Dungeon |   3522 |   3427 |     95 |    630 |   2246 |   3 | 1174.0 |
               +--------+--------+--------+--------+--------+-----+--------+

Top non-repeatable levels by time:
     D:2: 1588 daAuts
     D:1: 1265 daAuts
     D:3: 669 daAuts
